 Dungeon Crawl Stone Soup version 0.28-a0-425-gd0eccab798 (webtiles) character file.

Game seed: 16017979119845988273

59 mordus the Shield-Bearer (level 4, -6/35 HPs)
             Began as a Formicid Fighter on Sept 9, 2021.
             Was a Follower of Cheibriados.
             Killed by divine providence
             ... invoked by an orc priest
              (15 damage)
             ... on level 2 of the Dungeon.
             The game lasted 00:03:19 (1346 turns).

mordus the Shield-Bearer (Formicid Fighter)         Turns: 1346, Time: 00:03:20

Health: -6/35      AC:  7    Str: 25    XL:     4   Next: 22%
Magic:  4/4        EV: 10    Int: 10    God:    Cheibriados [*.....]
Gold:   46         SH:  5    Dex: 13    Spells: 3/3 levels left

rFire   . . .      SeeInvis +   a - +0 long sword
rCold   . . .      Faith    +   c - +0 buckler
rNeg    . . .      Spirit   .   b - +0 scale mail
rPois   .          Reflect  .   (helmet unavailable)
rElec   .          Harm     .   (no cloak)
rCorr   .          Rampage  .   (no gloves)
Will    .....                   (no boots)
Stlth   ..........              h - amulet of faith
HPRegen 0.11/turn               (no ring)
MPRegen 0.09/turn               (no ring)

@: very slow
A: permanent stasis, dig shafts and tunnels, antennae 3, four strong arms
a: Dig, Shaft Self, Renounce Religion, Bend Time


You were on level 2 of the Dungeon.
You worshipped Cheibriados.
Cheibriados was aware of your devotion.
You visited 1 branch of the dungeon, and saw 2 of its levels.

You collected 46 gold pieces.

Inventory:

Hand Weapons
 a - a +0 long sword (weapon)
Armour
 b - a +0 scale mail (worn)
 c - a +0 buckler (worn)
Jewellery
 h - an amulet of faith (around neck)
Wands
 k - a wand of paralysis (9)
Scrolls
 f - a scroll of teleportation {unknown}
 i - a scroll of fear {unknown}
 j - a scroll of identify {unknown}
Potions
 d - 2 potions of might
 e - 2 potions of mutation {unknown}
 g - a potion of attraction {unknown}
 l - 2 potions of heal wounds {unknown}


   Skills:
 - Level 3.2 Fighting
 * Level 3.2 Long Blades
 + Level 3.8 Armour
 + Level 4.2 Shields


You had 3 spell levels left.
You didn't know any spells.
Your spell library was empty.

Dungeon Overview and Level Annotations

Branches:
Dungeon (2/15)

Altars:
Cheibriados


Innate Abilities, Weirdness & Mutations

You cannot be hasted, slowed, berserked, paralysed or teleported.
You can dig through walls and to a lower floor.
You have a pair of large antennae on your head. (SInv)
Your four strong arms can wield two-handed weapons with a shield.


Message History

The bat hits you but does no damage. You block the bat's attack.
You hit the bat.
You kill the bat!
Cheibriados thoroughly appreciates the change of pace.
No target in view!
No target in view!
No target in view!
You see here a bat corpse.
An orc comes into view. It is wielding a +0 mace.
The orc shouts!
You hear a shout! x2
An orc priest comes into view. It is wielding a +0 short sword.
You hear a shout!
The orc priest calls down the wrath of Beogh upon you.
Beogh smites you!
An orc comes into view. It is wielding a +0 club.
The orc priest mumbles some strange prayers to Beogh against you.
You barely resist. You block the orc's attack. The orc hits you with a +0 mace.
You are too injured to fight recklessly!
You are too injured to fight recklessly!
You are too injured to fight recklessly!
You are too injured to fight recklessly!
You are too injured to fight recklessly!
You hit the orc.
The orc is moderately wounded.
The orc hits you but does no damage.
You closely miss the orc.
The orc is moderately wounded.
The orc hits you with a +0 mace. The orc hits you but does no damage.
You closely miss the orc.
The orc is moderately wounded.
The orc hits you with a +0 mace.
* * * LOW HITPOINT WARNING * * *
You barely miss the orc.
The orc is moderately wounded.
You block the orc's attack.
The orc priest calls down the wrath of Beogh upon you.
Beogh smites you!
You die...

#..........
######..........
......[......... .##
#####......>... { ..
#.......... #.
#......#### #.###
#########[....#
#...######.............#
#......##@#######.....#
#......##o# #.....#
#.......oo# #######
#...†..#### #....{.#
#...>..# #......#
#......# ########


You could see an orc priest and 2 orcs.

Vanquished Creatures
  Natasha (D:2)
  7 ball pythons
  2 bats
  3 endoplasms (D:1)
  A giant cockroach (D:1)
  A goblin (D:1)
  2 hobgoblins (D:1)
  4 jackals (D:1)
  4 kobolds (D:1)
  A quokka (D:1)
  3 frilled lizards (D:1)
  A rat (D:1)
30 creatures vanquished.

Notes
Turn   | Place    | Note
-------+----------+-------------------------------------------
     0 | D:1      | mordus the Formicid Fighter began the quest for the Orb.
     0 | D:1      | Reached XP level 1. HP: 18/18 MP: 1/1
   170 | D:1      | Reached XP level 2. HP: 22/24 MP: 2/2
   474 | D:1      | Reached XP level 3. HP: 25/29 MP: 3/3
   601 | D:1      | Reached skill level 4 in Shields
   856 | D:1      | Found a faded altar of an unknown god.
   921 | D:1      | Became a worshipper of Cheibriados the Contemplative
   921 | D:1      | Reached * piety under Cheibriados
  1192 | D:2      | Noticed Natasha
  1205 | D:2      | Killed Natasha
  1206 | D:2      | Reached XP level 4. HP: 25/35 MP: 4/4
  1346 | D:2      | Killed from afar by an orc priest

Illustrated notes

Levels and vault maps discovered:
D:1:      minmay_arrival_glassed_features, layout_basic,
          dreamdust_ecumenical_altar_statues
D:2:      layout_rooms, uniq_natasha, uniq_jessica

Skill      XL: |  1  2  3 |
---------------+----------+-----
Shields        | 4 |  4.2
Long Blades    | 3 |  3.2
Fighting       | |  3.2
Armour         | |  3.8

Action                   |  1- 3 |  4- 6 || total
-------------------------+-------+-------++-------
Melee: Long sword        |    99 |     7 ||   106
 Abil: Dig               |     3 |       ||     3
Armor: Scale mail        |    51 |     4 ||    55
Dodge: Dodged            |    39 |     2 ||    41
Block: Buckler           |    25 |     4 ||    29

Table legend: (Time is in decaauts)
 A = Elapsed time spent in this place.
 B = Non-inter-level travel time spent in this place.
 C = Inter-level travel time spent in this place.
 D = Time resting spent in this place.
 E = Time spent auto-exploring this place.
 F = Levels seen in this place.
 G = Mean time per level.
                   A        B        C        D        E       F      G
               +--------+--------+--------+--------+--------+-----+--------+
         Total |   1493 |   1453 |     40 |    233 |    904 |   2 |  746.5 |
       Dungeon |   1493 |   1453 |     40 |    233 |    904 |   2 |  746.5 |
               +--------+--------+--------+--------+--------+-----+--------+

Top non-repeatable levels by time:
     D:1: 1275 daAuts
     D:2: 218 daAuts
